 Dungeon Crawl Stone Soup version 0.27-a0-1200-g94dc6ad4cf (webtiles) character file.

Game seed: 12277917311037813604

5846 Shayle the Fighter (level 10, -1/107 HPs)
             Began as an Ogre Warper on June 1, 2021.
             Was a Believer of the Shining One.
             Succumbed to a cane toad's poison
             ... on level 1 of the Lair of Beasts.
             The game lasted 00:32:07 (14033 turns).

Shayle the Fighter (Ogre Warper)                   Turns: 14033, Time: 00:32:08

Health: -1/107     AC:  8    Str: 17    XL:     10   Next: 80%
Magic:  21/21      EV:  9    Int: 17    God:    the Shining One [**....]
Gold:   475        SH:  0    Dex:  6    Spells: 9/24 levels left

rFire    . . .     SeeInvis +   r - +0 giant spiked club
rCold    . . .     Faith    .   (shield currently unavailable)
rNeg     + + .     Spirit   .   u - +2 robe {Will+}
rPois    .         Reflect  .   (helmet restricted)
rElec    .         Harm     .   D - +1 cloak
rCorr    .         Rampage  .   (gloves unavailable)
Will     ++...                  (boots unavailable)
Stlth    +.........             z - amulet of magic regeneration
HPRegen  0.27/turn              m - ring of see invisible
MPRegen  0.42/turn              x - ring of positive energy

@: lethally poisoned (-1 -> -19), glowing
A: large, unfitting armour, tough skin 1, hooves 1, clumsy 1, shaggy fur 1,
subdued magic 1
a: Renounce Religion, Divine Shield


You were on level 1 of the Lair of Beasts.
You worshipped the Shining One.
The Shining One was pleased with you.
You visited 3 branches of the dungeon, and saw 12 of its levels.

You collected 475 gold pieces.

Inventory:

Hand Weapons
 e - a +4 halberd of freezing
 r - a +0 giant spiked club (weapon)
 E - a +2 short sword of protection
Missiles
 p - 3 atropa-tipped darts
 w - 5 javelins
 B - 8 boomerangs (quivered)
Armour
 s - a scarf of invisibility
 u - a +2 robe of willpower (worn)
 D - a +1 cloak (worn)
Jewellery
 b - a ring of ice
 m - a ring of see invisible (left hand)
 v - an amulet of reflection
 x - a ring of positive energy (right hand)
 z - an amulet of magic regeneration (around neck)
Wands
 k - a wand of flame (41)
 n - a wand of iceblast (20)
Scrolls
 d - a scroll of blinking
 h - a scroll of fog
 o - 2 scrolls of teleportation
 y - a scroll of immolation
 C - a scroll of summoning
Potions
 a - 2 potions of resistance
 c - 2 potions of berserk rage
 g - 2 potions of might
 l - 2 potions of magic
 q - a potion of attraction


   Skills:
 - Level 9.0 Fighting
 + Level 8.6 Maces & Flails
 - Level 1.0 Throwing
 - Level 2.1 Dodging
 + Level 7.6 Spellcasting
 + Level 6.4 Translocations
 + Level 7.0 Invocations


You had 9 spell levels left.
You knew the following spells:

 Your Spells              Type           Power      Damage    Failure   Level
a - Blink                 Tloc           N/A        N/A       1%          2
b - Teleport Other        Tloc           21%        N/A       1%          3
c - Call Imp              Summ           4%         N/A       14%         2
d - Manifold Assault      Tloc           21%        N/A       19%         5
e - Mephitic Cloud        Conj/Pois/Air  4%         N/A       28%         3

Your spell library contained the following spells:

 Spells                   Type           Power      Damage    Failure   Level
 Apportation              Tloc           42%        N/A       1%          1
 Gell's Gravitas          Tloc           10%        N/A       1%          3
 Lesser Beckoning         Tloc           10%        N/A       1%          3
 Animate Skeleton         Necr           8%         N/A       9%          1
 Corona                   Hex            4%         N/A       9%          1
 Magic Dart               Conj           16%        1d3       9%          1
 Summon Small Mammal      Summ           16%        N/A       9%          1
 Slow                     Hex            4%         N/A       14%         2
 Conjure Flame            Conj/Fire      4%         6-21      28%         3


Dungeon Overview and Level Annotations

Branches:
Dungeon (10/15)            Temple (1/1) D:6            Lair (1/6) D:8
    Orc: D:9-12

Altars:
Ashenzari
Dithmenos
Elyvilon
Fedhas
Gozag
Hepliaklqana
Kikubaaqudgha
Okawaru
Qazlal
Ru
Sif Muna
Trog
Uskayaw
Vehumet
Wu Jian
Xom
Yredelemnul
Zin
The Shining One

Shops:
D:3 :

Annotations:
D:6 3 runed translucent doors, abdoman's ghost, novice MiHu
Lair:1 Gastronok


Innate Abilities, Weirdness & Mutations

You are too large for most types of armour.
You have tough skin. (AC +1)
You have large cloven feet.
You are clumsy. (Dex -2)
You are covered in fur. (AC +1)
Your spells are a little easier to cast, but a little less powerful.


Message History

Unknown command.
You hit the cane toad but do no damage.
The cane toad is lightly wounded.
You feel very sick. The cane toad barely misses you. The cane toad stings you!
* * * LOW HITPOINT WARNING * * *
Unknown command.
You hit the cane toad. Your kick misses the cane toad.
The cane toad is lightly wounded.
You feel very sick.
The cane toad stings you but does no damage.
Unknown command.
Aiming: Corrosive Bolt
Press: ? - help, Shift-Dir - straight line, f - cane toad
Aim: a cane toad (lightly wounded, haloed, 83% to hit)
The bolt of acid hits the cane toad!
The cane toad is splashed with acid.
The acid corrodes the cane toad!
The cane toad is heavily wounded.
You feel sick. The cane toad stings you!
* * * LOW HITPOINT WARNING * * *
The cane toad stings you!
* * * LOW HITPOINT WARNING * * *
You are more poisoned.
The cane toad poisons you!
Aiming: Corrosive Bolt
Press: ? - help, Shift-Dir - straight line, f/p - cane toad
Aim: a cane toad (heavily wounded, covered in acid, haloed, 83% to hit)
The bolt of acid hits the cane toad.
The cane toad is splashed with acid!
The cane toad seems to be corroded for longer.
The cane toad is almost dead.
The Shining One protects you from harm! The cane toad barely misses you.
Aiming: Corrosive Bolt
Press: ? - help, Shift-Dir - straight line, f/p - cane toad
Aim: a cane toad (almost dead, covered in acid, haloed, 83% to hit)
The bolt of acid hits the cane toad!
The cane toad is splashed with acid.
The cane toad seems to be corroded for longer.
You kill the cane toad!
The now-empty wand crumbles to dust.
You die...

...§.§####. #..
#.≈≈§≈§≈≈§.. ##.
#..##.§≈#####§.# #P.
#..#..≈≈# ##≈.####. #
#...#.≈≈# ##§≈......
..###...#.≈≈###≈#≈......
..........≈§≈≈≈≈≈≈......
......$.................
..(....@........)..##.##
P###.####...........###
####.#.P##P## #########


There were no monsters in sight!

Vanquished Creatures
  Fannar (Lair:1)
  A cane toad (Lair:1)
  A troll (D:6)
  4 wyverns (D:8)
  5 yaks
  2 basilisks (D:8)
  3 water moccasins
  An orc warrior (D:8)
  4 black bears
  An ice beast (D:7)
  2 sky beasts
  2 necrophages
  A wolf (D:8)
  2 ogres (D:6)
  Blork the orc (D:5)
  A phantom (D:5)
  6 bullfrogs
  A kobold brigand (D:8)
  2 wyvern zombies
  3 scorpions
  3 killer bees (D:10)
  7 wights (D:7)
  2 electric eels (D:7)
  2 bullfrog zombies (D:6)
  An orc priest (D:3)
  2 centaur zombies
  A centaur skeleton (D:4)
  Crazy Yiuf (D:3)
  6 orc wizards
  2 hound skeletons
  A howler monkey zombie (D:7)
  10 adders
  A howler monkey skeleton (D:7)
  An adder skeleton (D:4)
  3 worms
  8 orcs
  12 endoplasms
  A giant cockroach (D:2)
  7 goblins
  10 hobgoblins
  4 jackals
  A quokka (D:3)
  6 ball pythons
  3 bats
  9 kobolds
  5 rats
153 creatures vanquished.

Vanquished Creatures (collateral kills)
  An ogre (D:4)
  An iguana (D:5)
  An orc (D:4)
3 creatures vanquished.

Vanquished Creatures (others)
  5 fungi
  27 plants
32 creatures vanquished.

Grand Total: 188 creatures vanquished

Notes
Turn   | Place    | Note
-------+----------+-------------------------------------------
     0 | D:1      | Shayle the Ogre Warper began the quest for the Orb.
     0 | D:1      | Reached XP level 1. HP: 22/22 MP: 3/3
    48 | D:1      | Found a faded altar of an unknown god.
   206 | D:1      | Reached skill level 3 in Fighting
   424 | D:1      | Reached XP level 2. HP: 29/31 MP: 5/5
  1345 | D:2      | Reached XP level 3. HP: 39/39 MP: 6/6
  1440 | D:2      | Reached skill level 4 in Fighting
  1932 | D:2      | Reached XP level 4. HP: 36/49 MP: 7/7
  2714 | D:3      | Reached skill level 5 in Fighting
  2714 | D:3      | Reached XP level 5. HP: 38/57 MP: 8/8
  2870 | D:3      | Found a blossoming altar of Fedhas.
  2933 | D:3      | Found Vaegaz's Book Shoppe.
  3377 | D:3      | Found a runed translucent door.
  3378 | D:3      | Noticed Crazy Yiuf
  4333 | D:4      | Reached skill level 6 in Fighting
  4333 | D:4      | Reached XP level 6. HP: 60/67 MP: 9/9
  4577 | D:4      | Learned a level 2 spell: Blink
  4581 | D:4      | Learned a level 3 spell: Teleport Other
  4584 | D:4      | Learned a level 2 spell: Call Imp
  4619 | D:5      | Entered Level 5 of the Dungeon
  4622 | D:5      | Noticed a black bear
  5121 | D:5      | Noticed Blork the orc
  5272 | D:5      | Killed Blork the orc
  5782 | D:5      | Identified the +9 hunting sling of Autumn {venom, Fragile
                  | rN+ Int+2}
  5949 | D:5      | Noticed a sky beast
  5952 | D:5      | Reached skill level 7 in Fighting
  5952 | D:5      | Reached XP level 7. HP: 76/78 MP: 7/10
  5955 | D:5      | Reached skill level 5 in Maces & Flails
  6784 | D:5      | Found a broken altar of Ashenzari.
  6784 | D:5      | Found a sacrificial altar of Ru.
  6820 | D:6      | Found a staircase to the Ecumenical Temple.
  6867 | Temple   | Entered the Ecumenical Temple
  6911 | Temple   | Became a worshipper of the Shining One
  6983 | D:6      | Found a runed translucent gate.
  6983 | D:6      | Found a runed translucent gate.
  6983 | D:6      | Found a runed translucent gate.
  6986 | D:6      | Noticed abdoman's ghost (novice MiHu)
  7016 | D:6      | Reached skill level 8 in Fighting
  7318 | D:6      | Reached XP level 8. HP: 82/89 MP: 11/11
  7750 | D:6      | Reached skill level 1 in Invocations
  7869 | D:6      | Reached skill level 9 in Fighting
  8806 | D:3      | Learned a level 5 spell: Manifold Assault
  8807 | D:3      | Killed Crazy Yiuf
  8959 | D:7      | Noticed a troll
  8975 | D:6      | Killed a troll
  9358 | D:7      | Reached * piety under the Shining One
  9368 | D:7      | Reached XP level 9. HP: 95/98 MP: 15/15
 10112 | D:7      | Reached skill level 5 in Spellcasting
 10574 | D:8      | Found an opulent altar of Gozag.
 10680 | D:8      | Reached ** piety under the Shining One
 10973 | D:8      | Reached skill level 5 in Invocations
 11004 | D:8      | Reached skill level 5 in Translocations
 11260 | D:8      | Reached XP level 10. HP: 65/107 MP: 19/19
 11651 | D:8      | Learned a level 3 spell: Mephitic Cloud
 11669 | D:8      | Found a hazy altar of Hepliaklqana.
 11781 | D:8      | Found a staircase to the Lair.
 11915 | D:8      | HP: 4/107 [wyvern (12)]
 12824 | D:10     | Entered Level 10 of the Dungeon
 13453 | Lair:1   | Entered Level 1 of the Lair of Beasts
 13507 | Lair:1   | Noticed Fannar
 13535 | Lair:1   | Killed Fannar
 13553 | Lair:1   | Noticed Gastronok
 13571 | Lair:1   | HP: 7/160 [water moccasin (5)]
 13576 | Lair:1   | HP: 4/160 [poisoned by a water moccasin]
 13599 | Lair:1   | Gained mutation: Your spells are a little easier to cast,
                  | but a little less powerful. [potion of mutation]
 13599 | Lair:1   | Gained mutation: You have large cloven feet. [potion of
                  | mutation]
 13599 | Lair:1   | Gained mutation: You are clumsy. (Dex -2) [potion of
                  | mutation]
 13599 | Lair:1   | Gained mutation: You are covered in fur. (AC +1) [potion of
                  | mutation]
 14024 | Lair:1   | Noticed a cane toad
 14031 | Lair:1   | HP: 2/107 [cane toad (15)]
 14032 | Lair:1   | The Shining One protects you from harm!
 14033 | Lair:1   | Killed a cane toad
 14033 | Lair:1   | Succumbed to a cane toad's poison

Illustrated notes

Levels and vault maps discovered:
D:1:      onia_arrival_mini_spirals, layout_loops_cross,
          ebering_ecumenical_altar_rust, hex_large,
          chequers_serial_rivers_large_a
D:2:      layout_basic
D:3:      layout_loops_ring, lemuel_doored_altar, serial_shops, shop_statue,
          grunt_decor_mini_mirrors, minmay_misc_feat_roman,
          minmay_misc_feat_square, uniq_crazy_yiuf_cottage
D:4:      layout_basic
D:5:      layout_basic, gammafunk_temple_overflow_pools,
          amcnicky_mini_pool_small, uniq_blork_the_orc
D:6:      layout_gridville, minmay_temple_entry_statues, gammafunk_ghost_split
D:7:      layout_basic, serial_bayou_lake_a
D:8:      layout_loops_cross, grunt_gozag_statues,
          nicolae_overflow_crystal_walls, minmay_lair_entry_grove
D:9:      layout_layer_cave, chequers_temple_overflow_statue_of_worship,
          minmay_puff
D:10:     layout_grid_maze, serial_glass, glass_columns_a, glass_columns_b,
          nicolae_transmutations_shop, minmay_shattered_shrine
Temple:   jpeg_temple_clearing
Lair:1:   layout_gridlike, ldierk_geyser, minivault_26, uniq_fannar,
          uniq_gastronok

Skill      XL: |  1  2  3  4  5  6  7  8  9 10 |
---------------+-------------------------------+-----
Fighting       | 3 4 5 6 7 8 9 |  9.0
Maces & Flails | 2 3 4 5 6 7 8 |  8.6
Invocations    | 3 5 7 |  7.0
Spellcasting   | 4 6 7 |  7.6
Translocations | 3 5 6 |  6.4
Throwing       | |  1.0
Dodging        | |  2.1

Action                   |  1- 3 |  4- 6 |  7- 9 | 10-12 || total
-------------------------+-------+-------+-------+-------++-------
Melee: Dagger            |    94 |   147 |       |       ||   241
       Mace              |     1 |       |       |       ||     1
       Great sword       |       |     6 |    20 |       ||    26
       Giant spiked club |       |       |   133 |    71 ||   204
       Short sword       |       |       |       |    61 ||    61
       Kick              |       |       |       |     1 ||     1
Throw: Boomerang         |       |     1 |     4 |     5 ||    10
       Dart              |       |       |    16 |     2 ||    18
 Cast: Call Imp          |       |    19 |     3 |       ||    22
       Blink             |       |     2 |     1 |       ||     3
       Teleport Other    |       |       |     6 |     1 ||     7
       Mephitic Cloud    |       |       |       |     1 ||     1
Evoke: Wand              |       |     1 |     2 |     8 ||    11
  Use: Scroll            |     5 |     3 |     6 |     2 ||    16
       Potion            |       |       |       |     7 ||     7
 Stab: Sleeping          |     1 |     1 |       |       ||     2
Armor: Robe              |    20 |    44 |    85 |    67 ||   216
       Skin              |       |       |       |    48 ||    48
Dodge: Dodged            |    37 |    84 |    97 |    78 ||   296
       Rpst.: Great sword |       |     1 |     4 |       ||     5

Table legend: (Time is in decaauts)
 A = Elapsed time spent in this place.
 B = Non-inter-level travel time spent in this place.
 C = Inter-level travel time spent in this place.
 D = Time resting spent in this place.
 E = Time spent auto-exploring this place.
 F = Levels seen in this place.
 G = Mean time per level.
                   A        B        C        D        E       F      G
               +--------+--------+--------+--------+--------+-----+--------+
         Total |  14212 |  13607 |    605 |   4754 |   6644 |  12 | 1184.3 |
       Dungeon |  13510 |  12924 |    586 |   4401 |   6517 |  10 | 1351.0 |
        Temple |    101 |     82 |     19 |      0 |     73 |   1 |  101.0 |
          Lair |    600 |    600 |      0 |    353 |     54 |   1 |  600.0 |
               +--------+--------+--------+--------+--------+-----+--------+

Top non-repeatable levels by time:
     D:8: 2372 daAuts
     D:6: 2111 daAuts
     D:4: 1983 daAuts
     D:5: 1528 daAuts
     D:2: 1305 daAuts
     D:7: 1261 daAuts
     D:1: 1146 daAuts
     D:3: 1117 daAuts
  Lair:1: 600 daAuts
    D:10: 598 daAuts
  Temple: 101 daAuts
     D:9: 85 daAuts
